 Dungeon Crawl Stone Soup version 0.19.4-8-ga85b6b9 (webtiles) character file.

1090 Naow the Destroyer (level 8, -1/41 HPs)
             Began as a Deep Elf Conjurer on Feb 13, 2017.
             Killed by divine providence
             ... invoked by an orc priest
              (9 damage)
             ... on level 5 of the Dungeon.
             The game lasted 00:10:11 (5257 turns).

Naow the Destroyer (Deep Elf Conjurer)              Turns: 5257, Time: 00:10:11

Health: -1/41      AC:  6    Str:  5    XL:     8   Next: 9%
Magic:  13/20      EV: 13    Int: 23    God:
Gold:   236        SH:  0    Dex: 15    Spells: 4 memorised, 9 levels left

rFire  x . .     SeeInvis .     f - +0 short sword (vamp)
rCold  + . .     Gourm    .     a - +0 robe
rNeg   . . .     Faith    .     (no shield)
rPois  .         Spirit   .     (no helmet)
rElec  .         Reflect  .     q - +2 cloak
rCorr  .         Harm     .     r - +0 pair of gloves
MR     .....                    (no boots)
Stlth  ++........               (no amulet)
                                (no ring)
                                g - ring of ice

@: no status effects
A: no striking features
a: no special abilities


You were on level 5 of the Dungeon.
You were not hungry.

You visited 1 branch of the dungeon, and saw 5 of its levels.

You collected 236 gold pieces.

Inventory:

Hand Weapons
 f - a +0 vampiric short sword (weapon)
Armour
 a - a +0 robe (worn)
 q - a +2 cloak (worn)
 r - a +0 pair of gloves (worn)
Jewellery
 g - a ring of ice (left hand)
 w - an uncursed amulet of magic regeneration {unknown}
 x - an uncursed ring of protection from magic {unknown}
Wands
 k - a wand of acid (1/15)
 s - a wand of teleportation (1/9)
 v - a wand of paralysis (15/24)
Scrolls
 i - 6 scrolls of identify
 o - a scroll of fog
 t - a scroll of amnesia {unknown}
 y - a scroll of noise {unknown}
Potions
 h - a potion of invisibility {unknown}
 j - a potion of degeneration {unknown}
 l - 2 potions of haste {unknown}
 m - a potion of mutation {unknown}
 n - a potion of might {unknown}
 u - a potion of agility {unknown}
Books
 b - a book of Conjurations

   Spells                             Type                      Level
   a - Magic Dart                     Conjuration                  1
   b - Searing Ray                    Conjuration                  2
   c - Dazzling Spray                 Conjuration/Hexes            3
   d - Fulminant Prism                Conjuration/Hexes            4
   e - Iskenderun's Mystic Blast      Conjuration                  4
   f - Iskenderun's Battlesphere      Conjuration/Charms           5
Comestibles
 c - 5 bread rations
 z - a chunk of flesh


   Skills:
 - Level 2.4 Dodging
 - Level 2.4 Stealth
 + Level 7.2 Spellcasting
 * Level 9.0 Conjurations
 + Level 5.1 Charms


You had 9 spell levels left.
You knew the following spells:

 Your Spells              Type           Power        Failure   Level  Hunger
a - Magic Dart            Conj           ####         1%          1    None
b - Searing Ray           Conj           #####.       1%          2    None
c - Iskenderun's Battles  Conj/Chrm      #####...     14%         5    #####..
d - Iskenderun's Mystic   Conj           #####...     1%          4    ###....


Dungeon Overview and Level Annotations

Branches:
Dungeon (5/15)
 Temple: D:4-7

Altars:
Trog
Zin


Message History

You hit the howler monkey.
You kill the howler monkey!
Your Conjurations skill increases to level 9!
The orc priest invokes the aid of Beogh against you.
You struggle to resist.
The orc priest completely misses you.
The orc priest hits you with a short sword.
* * * LOW HITPOINT WARNING * * *
The ice beast hits you.
* * * LOW HITPOINT WARNING * * *
The ice beast freezes you. You resist.
* * * LOW HITPOINT WARNING * * *
The orc priest curses loudly.
The orc priest looks encouraged for a moment.
Found 22 stones.
You see here a quokka corpse.
The orc priest begins to cast a cantrip, but forgets the words!
The orc priest invokes the aid of Beogh against you.
Beogh smites you!
You die...

### ##### #.#
....##### #.##
###.....####..####
#........o..Y...##
#.#############@.#
#.#.#.#...#.#.##.#
#.##.#.o#..#.###.#
##.#.#..###Y.#.##>#
##o##..##.##.†###.#
...#..##...##†.##.#
##...##..(...o.##.#
##.#..##...##..##.#
...##..##.##..###.##


You could see an ice beast and an orc priest.

Vanquished Creatures
  Prince Ribbit (D:5)
  2 ice beasts (D:5)
  A big kobold (D:4)
  2 scorpions
  A howler monkey (D:5)
  A crimson imp (D:5)
  A quasit (D:5)
  A bullfrog zombie (D:5)
  A hound (D:5)
  Crazy Yiuf (D:2)
  An orc priest (D:4)
  An orc wizard (D:4)
  2 bullfrog skeletons
  Jessica (D:2)
  An iguana (D:4)
  A howler monkey zombie (D:5)
  6 adders
  A shadow imp (D:5)
  An ooze (D:4)
  An adder skeleton (D:5)
  4 worms
  2 dart slugs
  7 leopard geckos
  10 orcs
  3 bats
  5 giant cockroaches
  10 goblins
  10 hobgoblins
  A jackal (D:5)
  4 quokkas
  2 ball pythons
  2 frilled lizards
  A jackal skeleton (D:4)
  15 kobolds
  A leopard gecko skeleton (D:4)
  A leopard gecko zombie (D:5)
  6 rats
112 creatures vanquished.

Notes
Turn   | Place    | Note
-------+----------+-------------------------------------------
     0 | D:1      | Naow the Deep Elf Conjurer began the quest for the Orb.
     0 | D:1      | Reached XP level 1. HP: 10/10 MP: 6/6
   190 | D:1      | Reached XP level 2. HP: 15/15 MP: 6/8
   863 | D:2      | Reached skill level 5 in Conjurations
   957 | D:2      | Reached XP level 3. HP: 15/19 MP: 1/10
  1060 | D:2      | Learned a level 2 spell: Searing Ray
  1402 | D:2      | Noticed Jessica
  1404 | D:2      | Killed Jessica
  1404 | D:2      | Reached XP level 4. HP: 24/24 MP: 9/12
  1665 | D:2      | Found a runed door.
  2015 | D:2      | Noticed Crazy Yiuf
  2018 | D:2      | Killed Crazy Yiuf
  2018 | D:2      | Reached skill level 6 in Conjurations
  2092 | D:3      | Reached XP level 5. HP: 23/28 MP: 5/14
  2489 | D:3      | Noticed a moth of wrath
  2492 | D:3      | Found a bloodstained altar of Trog.
  2508 | D:3      | Reached skill level 5 in Spellcasting
  3140 | D:4      | Learned a level 5 spell: Iskenderun's Battlesphere
  3145 | D:4      | Learned a level 4 spell: Iskenderun's Mystic Blast
  3277 | D:4      | Reached skill level 1 in Charms
  3283 | D:4      | Reached XP level 6. HP: 3/32 MP: 0/16
  3671 | D:4      | Found a glowing silver altar of Zin.
  3863 | D:4      | Reached skill level 7 in Conjurations
  4290 | D:5      | Entered Level 5 of the Dungeon
  4317 | D:5      | Reached XP level 7. HP: 36/36 MP: 4/18
  4544 | D:5      | Noticed Prince Ribbit
  4552 | D:5      | Killed Prince Ribbit
  4552 | D:5      | Reached skill level 8 in Conjurations
  5037 | D:5      | Reached skill level 5 in Charms
  5037 | D:5      | Reached XP level 8. HP: 36/41 MP: 15/20
  5195 | D:5      | HP: 1/41 [howler monkey (2)]
  5206 | D:5      | Reached skill level 9 in Conjurations
  5214 | D:5      | HP: 2/41 [ice beast (4)]
  5257 | D:5      | Killed from afar by an orc priest

Skill      XL: |  1  2  3  4  5  6  7  8 |
---------------+-------------------------+-----
Conjurations   | 5 6 7 8 9 |  9.0
Spellcasting   | 4 5 6 7 |  7.2
Charms         | 1 3 5 |  5.1
Dodging        | |  2.4
Stealth        | |  2.4

Action                   |  1- 3 |  4- 6 |  7- 9 || total
-------------------------+-------+-------+-------++-------
Melee: Unarmed           |     3 |     3 |       ||     6
       Short sword       |       |       |    16 ||    16
 Cast: Magic Dart        |    66 |   150 |    47 ||   263
       Searing Ray       |     1 |     7 |     4 ||    12
       Iskenderun's Myst |       |       |     4 ||     4
  Use: Scroll            |       |     4 |       ||     4
       Potion            |       |       |     3 ||     3
  Eat: Chunk             |     1 |     8 |     4 ||    13
       Fruit             |       |       |     3 ||     3
       Royal jelly       |       |       |     1 ||     1
Armor: Robe              |     2 |    14 |    12 ||    28
Dodge: Dodged            |     8 |    37 |    25 ||    70
